AoeStats
← ilia topuria

Arena

510802138Analyzed
2v2 RM · 14h ago on Oct 2, 2026· 52m 2s· 4 players
Game mode
Random Map
Map size
Medium (4 player)
Population
200
Speed
Normal
Resources
Standard
Victory
Conquest
Starting age
Dark Age
Ending age
Imperial Age
RankedLock teamsTeams togetherTeam positionsShared explorationLock speedFull tech treeHidden civsTurbo modeCheats
Victory
Defeat
🇹🇷 Chinese · Türkiye
1195
+14
🇹🇷 Teutons · Türkiye
1041
+20
🇧🇷 Ethiopians · Brazil
1136
-17
🇧🇷 Gurjaras · Brazil
1134
-17
ilia topuria
0:38 Loom
9:56 Feudal Age
16:57 Castle Age
15:10 Double-Bit Axe
15:26 Horse Collar
17:23 Town Watch
28:52 Wheelbarrow
31:55 Imperial Age
29:32 Fletching
30:00 Thumb Ring
30:07 Crossbowman
30:44 Bodkin Arrow
31:35 Scale Mail Armor
31:17 Pikeman
32:31 Squires
32:16 Arson
32:02 Halberdier
33:11 Chain Mail Armor
33:07 Forging
33:37 Hand Cart
33:36 Bow Saw
33:40 Heavy Plow
34:41 Plate Mail Armor
34:13 Padded Archer Armor
35:00 Arbalester
35:46 Bracer
36:47 Conscription
36:07 Light Cavalry
37:11 Bloodlines
37:02 Husbandry
38:13 Scale Barding Armor
38:44 Iron Casting
38:25 Leather Archer Armor
39:13 Two-Man Saw
38:19 Town Patrol
41:04 Ballistics
41:45 Chemistry
41:43 Chain Barding Armor
41:23 Capped Ram
43:23 Siege Ram
44:10 Gold Mining
45:37 Blast Furnace
45:12 Plate Barding Armor
44:56 Elite Chu Ko Nu
48:36 Ring Archer Armor
EtZeL
11:43 Feudal Age
11:28 Loom
12:14 Town Watch
17:48 Castle Age
16:26 Scale Barding Armor
16:25 Double-Bit Axe
16:36 Horse Collar
22:20 Heavy Plow
29:25 Fletching
30:14 Wheelbarrow
33:48 Imperial Age
31:36 Bow Saw
31:42 Forging
33:33 Bloodlines
34:20 Wheelbarrow
33:42 Gold Mining
34:38 Chain Barding Armor
34:30 Forging
37:06 Plate Barding Armor
37:19 Scale Mail Armor
37:44 Hand Cart
37:48 Town Patrol
38:05 Bodkin Arrow
39:25 Two-Man Saw
39:24 Conscription
39:37 Crop Rotation
38:44 Cavalier
40:50 Iron Casting
40:54 Chain Mail Armor
41:23 Elite Teutonic Knight
43:11 Plate Mail Armor
44:26 Blast Furnace
43:49 Padded Archer Armor
43:58 Caravan
44:29 Coinage
44:10 Guilds
46:08 Squires
45:54 Gambesons
45:30 Pikeman
45:56 Arson
46:53 Leather Archer Armor
47:46 Paladin
50:41 Ring Archer Armor
50:50 Stone Mining
bote.
10:40 Feudal Age
9:32 Loom
15:33 Padded Archer Armor
16:39 Fletching
23:44 Castle Age
22:04 Double-Bit Axe
22:52 Gold Mining
22:43 Horse Collar
23:57 Crossbowman
26:07 Leather Archer Armor
27:10 Bodkin Arrow
30:52 Thumb Ring
34:11 Imperial Age
32:27 Squires
32:13 Arson
33:47 Ballistics
34:53 Bow Saw
35:59 Chemistry
36:32 Halberdier
40:54 Scale Mail Armor
43:27 Heavy Plow
49:15 Arbalester
50:45 Bracer
51:15 Ring Archer Armor
50:57 Forging
51:02 Chain Mail Armor
52:12 Murder Holes
kiyoshi
8:10 Loom
10:18 Feudal Age
15:04 Castle Age
16:15 Scale Barding Armor
22:44 Wheelbarrow
23:03 Redemption
23:49 Chain Barding Armor
30:23 Imperial Age
31:04 Forging
32:27 Plate Barding Armor
32:28 Iron Casting
33:37 Bloodlines
32:48 Elite Shrivamsha Rider
34:57 Husbandry
36:02 Town Watch
36:33 Hand Cart
41:46 Scale Mail Armor
43:22 Chemistry
42:43 Ballistics
45:02 Elite Chakram Thrower
47:21 Fletching
47:34 Padded Archer Armor
48:25 Town Patrol
49:09 Kshatriyas
49:12 Elite Skirmisher
Connection lost

Rejoining the realm…

Still unreachable

The connection could not be restored.

Session expired

The server has moved on; the page needs a fresh start.